 Dungeon Sprint DCSS version 0.29.1-1-gd02db6906a (webtiles) character file.

Game seed: 12738798490574005801

175 Groucho the Covert (level 5, -1/28 HPs)
             Began as a Felid Monk on Oct 9, 2022.
             Was a High Priest of Dithmenos.
             Slain by a boulder beetle (29 damage)
             ... in the Dungeon (Sprint VII: "The Pits").
             The game lasted 00:03:20 (1379 turns).

Groucho the Covert (Felid Monk)                     Turns: 1379, Time: 00:03:20

Health: -1/28      AC:  2    Str:  9    XL:     5   Next: 29%
Magic:  6/6        EV: 24    Int: 12    God:    Dithmenos [*****.]
Gold:   0          SH:  0    Dex: 18    Spells: 4/4 levels left
                                        Lives:  0   Deaths: 1

rFire   . . .      SeeInvis +     - Unarmed
rCold   . . .      Faith    .   (shield unavailable)
rNeg    . . .      Spirit   .   (body armour unavailable)
rPois   .          Reflect  .   (helmet unavailable)
rElec   .          Harm     .   (cloak unavailable)
rCorr   .          Rampage  .   (gloves unavailable)
Will    .....      NoTele   +   (boots unavailable)
Stlth   +++++++...              (no amulet)
HPRegen 0.09/turn               (no ring)
MPRegen 0.10/turn               (no ring)

@: wreathed by umbra, invisible, quick
A: very small, claws 1, fangs 3, see invisible, speed 1, shaggy fur 2, stealthy
paws, no weapons or thrown items, no armour, multi-lived
a: Renounce Religion, Shadow Step, Shadow Form


You were in the Dungeon.
You worshipped Dithmenos.
Dithmenos was extremely pleased with you.
You visited 1 branch

Inventory:

Scrolls
 g - a scroll of blinking
 i - 5 scrolls of amnesia
 j - a scroll of summoning
Potions
 a - a potion of ambrosia
 b - 5 potions of curing
 c - 4 potions of heal wounds
 d - a potion of haste
 e - 4 potions of magic
 f - 2 potions of berserk rage
 h - a potion of invisibility


   Skills:
 + Level 7.3 Fighting
 + Level 9.7 Dodging
 + Level 9.9 Stealth
 + Level 7.4 Unarmed Combat


You had 4 spell levels left.
You didn't know any spells.
Your spell library was empty.

Dungeon Overview and Level Annotations

Branches:
Dungeon (1/1)

Altars:
Ashenzari
Cheibriados
Dithmenos
Elyvilon
Fedhas
Gozag
Hepliaklqana
Kikubaaqudgha
Makhleb
Nemelex Xobeh
Okawaru
Qazlal
Ru
Sif Muna
Trog
Uskayaw
Vehumet
Wu Jian
Xom
Yredelemnul
Zin
The Shining One
Jiyva
Lugonu


Innate Abilities, Weirdness & Mutations

You have sharp claws.
You have razor-sharp teeth.
You have supernaturally acute eyesight. (SInv)
You cover ground quickly. (Speed+)
You are covered in thick fur. (AC +2)
Your paws help you pounce on unaware monsters.
You are incapable of wielding weapons or throwing items.
You cannot wear armour.
You gain extra lives every three experience levels.


Message History

You bite the boulder beetle, but do no damage.
The boulder beetle is moderately wounded.
Your shadow hits the boulder beetle but does no damage.
The boulder beetle barely misses you.
You claw the boulder beetle!
The boulder beetle is heavily wounded.
The boulder beetle closely misses you.
You claw the boulder beetle!
The boulder beetle is heavily wounded.
Your shadow hits the boulder beetle but does no damage.
The boulder beetle completely misses you.
You scratch the boulder beetle but do no damage.
The boulder beetle is heavily wounded.
The boulder beetle completely misses you.
You scratch the boulder beetle.
The boulder beetle is heavily wounded.
The boulder beetle bites you!!
Ouch! That really hurt!
You emit a cloud of dark smoke.
You scratch the boulder beetle but do no damage.
The boulder beetle is heavily wounded.
The boulder beetle bites you!!
Ouch! That really hurt!
You die...
You are now level 5!
You rejoin the land of the living...
There is an open door, spattered with blood here.
There is an open door here.
There is an open door here.
There is an open door here.
No target in view!
No target in view!
There is an open door here.
You fade into invisibility!
You scratch the boulder beetle but do no damage.
You claw the boulder beetle, but do no damage.
The boulder beetle is heavily wounded.
The boulder beetle bites you!!
Ouch! That really hurt!
You die...

#.#..'...'.##.......#
#.#..########...<...#
#.#..'[))).##.......#
#.#..#[))).##.......#
#'###########.......#
#......)# #########
#...#...# #...#...#
#.##@##ยง#+#
#...#B..#.+
#...#...#'#
#.......'.#
###########


You could see a boulder beetle (unable to see you).

Vanquished Creatures
  Pargi (D)
  A sky beast (D)
  An ogre (D)
  Jessica (D)
  2 adders (D)
  A river rat (D)
  An ufetubus (D)
  A giant cockroach (D)
  2 ball pythons (D)
  2 frilled lizards (D)
  A jackal zombie (D)
  A rat (D)
15 creatures vanquished.

Notes
Turn   | Place    | Note
-------+----------+-------------------------------------------
     0 | D        | Groucho the Felid Monk began the quest for the Orb.
     0 | D        | Reached XP level 1. HP: 10/10 MP: 2/2
    35 | D        | Found a bloodstained altar of Trog.
    35 | D        | Found a shimmering blue altar of Sif Muna.
    35 | D        | Found a viscous altar of Jiyva.
    35 | D        | Found a hazy altar of Hepliaklqana.
    35 | D        | Found an opulent altar of Gozag.
    36 | D        | Found a glowing golden altar of the Shining One.
    36 | D        | Found a glowing silver altar of Zin.
    36 | D        | Found a basalt altar of Yredelemnul.
    36 | D        | Found a shimmering altar of Xom.
    36 | D        | Found an ornate altar of the Wu Jian Council.
    36 | D        | Found a sacrificial altar of Ru.
    36 | D        | Found a stormy altar of Qazlal.
    36 | D        | Found an iron altar of Okawaru.
    36 | D        | Found a sparkling altar of Nemelex Xobeh.
    36 | D        | Found a burning altar of Makhleb.
    36 | D        | Found a blossoming altar of Fedhas.
    36 | D        | Found a white marble altar of Elyvilon.
    36 | D        | Found a shadowy altar of Dithmenos.
    36 | D        | Found a snail-covered altar of Cheibriados.
    39 | D        | Found a corrupted altar of Lugonu.
    39 | D        | Found a radiant altar of Vehumet.
    40 | D        | Found an ancient bone altar of Kikubaaqudgha.
    40 | D        | Found a hide-covered altar of Uskayaw.
    40 | D        | Found a broken altar of Ashenzari.
    46 | D        | Became a worshipper of Dithmenos the Shadowed
    46 | D        | Reached * piety under Dithmenos
    46 | D        | Reached ** piety under Dithmenos
    76 | D        | Reached XP level 2. HP: 5/14 MP: 3/3
   588 | D        | Reached skill level 5 in Dodging
   606 | D        | Reached *** piety under Dithmenos
   622 | D        | Reached XP level 3. HP: 17/18 MP: 4/4
   673 | D        | Noticed a sky beast
   674 | D        | Noticed Jessica
   674 | D        | Noticed Pargi
   681 | D        | Noticed an ogre
   686 | D        | Reached **** piety under Dithmenos
   687 | D        | Reached skill level 5 in Stealth
   702 | D        | Killed a sky beast
   703 | D        | Reached skill level 5 in Fighting
   703 | D        | Reached skill level 5 in Unarmed Combat
   703 | D        | Reached XP level 4. HP: 15/23 MP: 5/5
   709 | D        | Killed Pargi
   710 | D        | Reached XP level 5. HP: 12/28 MP: 6/6
   787 | D        | Killed an ogre
   788 | D        | Gained mutation: You are covered in thick fur. (AC +2)
                  | [Felid growth]
   788 | D        | Reached XP level 6. HP: 18/33 MP: 7/7
  1216 | D        | Killed Jessica
  1216 | D        | Reached ***** piety under Dithmenos
  1227 | D        | Noticed a boulder beetle
  1350 | D        | Mangled by a boulder beetle
  1351 | D        | Reached XP level 5. HP: -6/28 MP: 6/6
  1379 | D        | Slain by a boulder beetle

Illustrated notes

Levels and vault maps discovered:
D:        pitsprint [storerooms_1, entrance_room_1, metal_vault_4, armoury_3,
          mini_pit_1, grid_room_1, main_hall_1, silver_pit, the_coven_1,
          the_vestibule_1, steel_vault_5, golden_pit, hallway_of_sentries,
          crystal_vault_4, iron_vault_1, final_vault]

Skill      XL: |  1  2  3  4  5 |
---------------+----------------+-----
Stealth        | 4 7 8 9 |  9.9
Dodging        | 5 7 8 9 |  9.7
Fighting       | 4 5 6 7 |  7.3
Unarmed Combat | 4 5 6 7 |  7.4

Action                   |  1- 3 |  4- 6 || total
-------------------------+-------+-------++-------
Melee: Unarmed           |    43 |    27 ||    70
       Bite              |     4 |     4 ||     8
       Punch             |       |     3 ||     3
  Use: Potion            |     4 |     1 ||     5
 Stab: Sleeping          |     4 |     1 ||     5
       Distracted        |       |     1 ||     1
Dodge: Dodged            |    42 |    20 ||    62
